 Dungeon Crawl Stone Soup version 0.32-a0-711-g016ad743e0 (webtiles) character file.

Game seed: 5275244721247723364

393 JavaGenius the Gusty (level 6, -1/51 HPs)
             Began as an Armataur Air Elementalist on Mar 15, 2024.
             Was an Initiate of Vehumet.
             Slain by an ufetubus (4 damage)
             ... on level 5 of the Dungeon.
             The game lasted 00:10:06 (3137 turns).

JavaGenius the Gusty (Armataur Air Elementalist)    Turns: 3137, Time: 00:10:06

Health: -1/51      AC:  4    Str: 13    XL:     6   Next: 51%
Magic:  7/10       EV:  8    Int: 17    God:    Vehumet [......]
Gold:   250        SH:  0    Dex: 11    Spells: 6/10 levels left

rFire   . . .        h - staff of air
rCold   . . .        (no shield)
rNeg    . . .        a - +0 robe
rPois   .            (no helmet)
rElec   +            (no cloak)
rCorr   .            (no gloves)
SInv    .            (no barding)
Will    .....        (no amulet)
Stlth   ++           (no ring)
HPRegen 0.28/turn    (no ring)
MPRegen 0.12/turn

%: roll
@: unswift, very slow
A: large, deformed body, tough skin 3, armoured tail, rollpage 1
a: Renounce Religion


You were on level 5 of the Dungeon.
You worshipped Vehumet.
Vehumet was noncommittal.
You visited 1 branch of the dungeon, and saw 6 of its levels.

You collected 250 gold pieces.

Inventory:

Hand Weapons
 c - a +0 mace
 d - a +0 dagger of speed
 k - a +0 glaive
 x - a +3 whip
Missiles
 v - 2 atropa-tipped darts
Armour
 a - a +0 robe (worn)
 j - a +0 leather armour
 m - a +0 scale mail
Magical Staves
 g - a staff of conjuration
 h - a staff of air (weapon)
Wands
 y - a wand of quicksilver (10)
Scrolls
 f - a scroll of poison {unknown}
 i - 2 scrolls of teleportation
 n - 2 scrolls of blinking
 r - a scroll of fog
 s - a scroll of revelation
 t - 2 scrolls of enchant armour
 u - 2 scrolls of immolation
 A - a scroll of vulnerability {unknown}
Potions
 b - a potion of magic
 e - 2 potions of attraction
 l - a potion of haste {unknown}
 o - 2 potions of curing {unknown}
 p - 2 potions of berserk rage {unknown}
 q - a potion of enlightenment {unknown}
 z - a potion of lignification {unknown}


   Skills:
 + Level 3.4 Fighting
 - Level 1.3 Dodging
 - Level 2.1 Stealth
 + Level 2.9 Spellcasting
 - Level 0.8 Conjurations
 - Level 5.0 Air Magic


You had 6 spell levels left.
You knew the following spells:

 Your Spells              Type           Power      Damage    Failure   Level
a - Shock                 Conj/Air       72%        1d7       5%          1
b - Swiftness             Air            29%        N/A       7%          3

Your spell library contained the following spells:

 Spells                   Type           Power      Damage    Failure   Level
 Static Discharge         Conj/Air       36%        3-5/arc   9%          2
 Airstrike                Air            14%        2d(3-19)  22%         4
 Call Imp                 Summ           4%         N/A       26%         2
 Sublimation of Blood     Necr           2%         N/A       26%         2
 Summon Hydra             Summ           1%         N/A       100%        7


Dungeon Overview and Level Annotations

Branches:
Dungeon (6/15) Zot: 26816
 Temple: D:4-7

Altars:
Vehumet

Shops:
D:6 [

Annotations:
D:4 Sigmund
D:5 Menkaure


Innate Abilities, Weirdness & Mutations

Armour fits poorly on your strangely shaped body.
You have extremely tough skin. (AC +3)
You have a long armoured tail.
You regenerate magic when rolling toward enemies. (Rampage MPRegen)


Message History

* * * LOW HITPOINT WARNING * * *
The ufetubus barely misses you. The ufetubus completely misses you.
You barely miss the ufetubus. The ufetubus hits you.
* * * LOW HITPOINT WARNING * * *
The ufetubus closely misses you.
The ufetubus hits you but does no damage.
The ufetubus closely misses you. x2; The ufetubus completely misses you.
Okay, then.
As you read the scroll of summoning, it crumbles to dust.
Wisps of shadow whirl around you... The ufetubus barely misses you.
The ufetubus hits you.
* * * LOW HITPOINT WARNING * * *
The ufetubus misses you. The ufetubus barely misses you. The ufetubus hits you.
* * * LOW HITPOINT WARNING * * *
The ufetubus hits you but does no damage.
Unknown command.
You swap places.
The ufetubus hits you.
* * * LOW HITPOINT WARNING * * *
The ufetubus barely misses you. The ufetubus attacks as it pursues you!
The ufetubus closely misses you. x2
Your hound bites the ufetubus but does no damage.
The ufetubus hits you.
* * * LOW HITPOINT WARNING * * *
The ufetubus hits you but does no damage.
Your orc wizard casts a spell.
Your orc wizard flickers and vanishes for a moment.
Your orc wizard hits the ufetubus with a +0 dagger.
Your iguana bites the ufetubus.
Your orc wizard hits the ufetubus with a +0 dagger.
The ufetubus closely misses you. The ufetubus hits you.
* * * LOW HITPOINT WARNING * * *
Your hound bites the ufetubus.
Unknown command.
Unknown command.
You swap places.
The ufetubus barely misses you. The ufetubus hits you.
* * * LOW HITPOINT WARNING * * *
Your hound bites the ufetubus but does no damage.
The ufetubus slips past your hound! The ufetubus hits your hound.
The ufetubus barely misses your hound. The ufetubus hits you.
You die...

........#.........<#.#.+..5_∩**,*
..###.#.#..............#.~~~**#..
..# #.#.##.#####.#.#.####.≈~~*#.#
..# #.#.##.#####.#.#<##.#####*#.#
..# #.#.##.#####.#.####.....#,#.#
..# #.#.##.......#.####....#*,#.#
..# #.#.##.#######.....$...+,,#.#
..# #.#.################...####.#
..#**,#.(......o@5o.............#
,,,,,,,,*########o.h5...########.
*+***,,** #ol........).....
*∩**,,,* #.......########.
***,,,,* #####.##..,,***#.
,*,,,*,*** #.#,...**_*#.
*,,,,,,,,* #.#,.###**,##
,,,,,,,,,***********#.#,.#*,,**,*
,***,,,,,,*,,,,,,,,,,,*,,**,*,*,*


You could see 2 ufetubi, a friendly iguana (summoned), a friendly hound
(summoned), 3 friendly orc wizards and a friendly orc (summoned).

Vanquished Creatures
  An ice beast (D:6)
  A scorpion (D:6)
  A hound (D:4)
  An orc priest (D:3)
  An iguana (D:3)
  3 gnolls (D:3)
  6 adders
  A dart slug (D:2)
  4 orcs (D:3)
  5 ball pythons
  7 bats
  2 endoplasms (D:1)
  5 giant cockroaches
  8 goblins
  5 hobgoblins
  4 jackals
  4 kobolds
  A quokka (D:1)
  6 frilled lizards
  8 rats
74 creatures vanquished.

Notes
Turn   | Place    | Note
-------+----------+-------------------------------------------
     0 | D:1      | JavaGenius the Armataur Air Elementalist began the quest
                  | for the Orb.
     0 | D:1      | Reached XP level 1. HP: 14/14 MP: 3/3
    76 | D:1      | Reached skill level 3 in Air Magic
   163 | D:1      | Reached XP level 2. HP: 20/20 MP: 4/4
   599 | D:1      | Reached XP level 3. HP: 26/26 MP: 5/5
   938 | D:2      | Reached skill level 4 in Air Magic
  1423 | D:2      | Reached XP level 4. HP: 33/33 MP: 1/6
  1724 | D:3      | Reached skill level 5 in Air Magic
  2099 | D:3      | Reached skill level 1 in Fighting
  2145 | D:3      | Reached XP level 5. HP: 21/40 MP: 2/7
  2683 | D:4      | Learned a level 3 spell: Swiftness
  2866 | D:4      | Noticed Sigmund
  2908 | D:5      | Entered Level 5 of the Dungeon
  2909 | D:5      | Noticed a black bear
  2923 | D:5      | Found a radiant altar of Vehumet.
  2933 | D:5      | Became a worshipper of Vehumet
  2941 | D:5      | Noticed an ogre
  2964 | D:6      | Reached XP level 6. HP: 40/51 MP: 2/9
  2981 | D:6      | Noticed an ice beast
  2996 | D:6      | Killed an ice beast
  3091 | D:6      | Found Wuneqer's Armour Emporium.
  3105 | D:5      | Noticed Menkaure
  3137 | D:5      | Slain by an ufetubus

Illustrated notes

Levels and vault maps discovered:
D:1:      heliophobic_arrival_henge, layout_rooms, minmay_misc_feat_square,
          st_stairs_7, hangedman_decor_lopped, nicolae_kite_square_tiling_tiny
D:2:      layout_rooms, serial_bayou_pond_c
D:3:      layout_rooms
D:4:      dreamdust_elfheim, layout_cave_pools, lemuel_crystal_altar,
          jmf_multi_god_temple2, uniq_sigmund
D:5:      layout_basic, mainiacjoe_overflow_tiny_flanked, makhleb_grotto_becter,
          marbit_many_paths, nicolae_uskayaw_murder_on_the_dancefloor,
          nicolae_ossuary_entry_giza, serial_library_hellmonk_small_corner,
          uniq_eustachio, uniq_duvessa, uniq_menkaure
D:6:      layout_loops_ring, gammafunk_ghost_grave, serial_shops,
          nicolae_stop_n_shop_2, nicolae_shop_just_a_little_nook, shop,
          grunt_ministairs_12, kennysheep_pointless_box

Skill      XL: |  1  2  3  4  5 |
---------------+----------------+-----
Air Magic      | 3 4 5 |  5.0
Fighting       | 1 3 |  3.4
Spellcasting   | 2 |  2.9
Dodging        | |  1.3
Stealth        | |  2.1
Conjurations   | |  0.8

Action                     |  1- 3 |  4- 6 || total
---------------------------+-------+-------++-------
  Melee: Dagger            |    30 |       ||    30
         Tailslap          |     6 |     8 ||    14
         Staff             |    57 |    55 ||   112
   Cast: Shock             |    56 |    72 ||   128
         Swiftness         |       |     1 ||     1
    Use: Scroll            |     1 |    10 ||    11
 Armour: Robe              |    76 |    79 ||   155
         Scale mail        |     3 |       ||     3
         Skin              |     3 |       ||     3
  Dodge: Dodged            |    66 |    77 ||   143

Table legend: (Time is in decaauts)
 A = Elapsed time spent in this place.
 B = Non-inter-level travel time spent in this place.
 C = Inter-level travel time spent in this place.
 D = Time resting spent in this place.
 E = Time spent auto-exploring this place.
 F = Levels seen in this place.
 G = Mean time per level.
                   A        B        C        D        E       F      G
               +--------+--------+--------+--------+--------+-----+--------+
         Total |   3145 |   2953 |    192 |    457 |   1613 |   6 |  524.2 |
       Dungeon |   3145 |   2953 |    192 |    457 |   1613 |   6 |  524.2 |
               +--------+--------+--------+--------+--------+-----+--------+

Top non-repeatable levels by time:
     D:3: 971 daAuts
     D:1: 912 daAuts
     D:2: 707 daAuts
     D:4: 327 daAuts
     D:6: 153 daAuts
     D:5: 73 daAuts
